AoeStats
← Enlightened

Nomad

510276916Analyzed
2v2 RM · 17h ago on Sep 30, 2026· 38m 16s· 4 players
Game mode
Random Map
Map size
176×176
Population
200
Speed
Normal
Resources
Standard
Victory
Conquest
Starting age
Dark Age
Ending age
Imperial Age
RankedLock teamsTeams togetherTeam positionsShared explorationLock speedFull tech treeHidden civsTurbo modeCheats
Victory
Defeat
🇪🇸 Britons · Spain
1277
+12
🇳🇿 Khmer · New Zealand
1155
+18
🇮🇹 Japanese · Italy
1209
-16
🇬🇵 Inca · Guadeloupe
1174
-14
davidents
11:04 Loom
13:19 Feudal Age
14:13 Double-Bit Axe
15:48 Forging
22:45 Castle Age
23:53 Medium Warships
24:05 Horse Collar
24:37 Bow Saw
25:28 Stone Mining
25:29 Gold Mining
27:58 Iron Casting
27:23 Scale Mail Armor
32:06 Imperial Age
29:31 Pikeman
30:12 Squires
29:57 Arson
35:15 Halberdier
36:35 Chain Mail Armor
axel_le_g
4:08 Loom
14:32 Feudal Age
15:00 Double-Bit Axe
17:11 Horse Collar
19:47 Castle Age
18:44 Gold Mining
20:13 Fletching
20:55 Bow Saw
21:01 Bodkin Arrow
20:49 Crossbowman
24:39 Town Watch
26:01 Gold Shaft Mining
28:08 Ballistics
32:51 Padded Archer Armor
Enlightened
5:38 Loom
14:42 Feudal Age
15:35 Double-Bit Axe
19:21 Castle Age
17:06 Horse Collar
17:22 Stone Mining
20:18 Wheelbarrow
19:33 Town Watch
20:43 Heavy Plow
20:56 Bow Saw
23:38 Heavy Plow
27:37 Crossbowman
28:55 Fletching
29:06 Padded Archer Armor
29:58 Ballistics
30:11 Bodkin Arrow
35:48 Imperial Age
34:14 Leather Archer Armor
35:15 Gold Mining
35:42 Hand Cart
35:53 Arbalester
36:35 Bracer
37:05 Ring Archer Armor
Bongo12
13:26 Loom
16:15 Feudal Age
17:04 Double-Bit Axe
21:49 Castle Age
21:49 Bloodlines
22:11 Scale Barding Armor
23:33 Husbandry
24:52 Bow Saw
25:08 Light Cavalry
40:50 Imperial Age
Connection lost

Rejoining the realm…

Still unreachable

The connection could not be restored.

Session expired

The server has moved on; the page needs a fresh start.